 Dungeon Crawl Stone Soup version 0.29-a0-477-g62b78b4225 (webtiles) character file.

Game seed: 8615271644339548665

9779 lunkers the Scholar of Death (level 11, -4/72 HPs)
             Began as a Vampire Necromancer on May 24, 2022.
             Was a Follower of Kikubaaqudgha.
             Slain by a vampire mosquito (10 damage)
             ... on level 11 of the Dungeon.
             The game lasted 00:29:05 (12858 turns).

lunkers the Scholar of Death (Vampire Necromancer) Turns: 12858, Time: 00:29:05

Health: -4/72      AC: 10    Str:  7    XL:     11   Next: 27%
Magic:  33/33      EV: 16    Int: 22    God:    Kikubaaqudgha [*.....]
Gold:   1171       SH:  5    Dex: 15    Spells: 20/28 levels left

rFire   . . .      SeeInvis +   b - +0 demon whip (venom)
rCold   . . .      Faith    .   (no shield)
rNeg    . . .      Spirit   .   w - +3 leather armour
rPois   .          Reflect  +   j - +0 helmet
rElec   .          Harm     .   r - +1 cloak
rCorr   .          Rampage  .   I - +0 pair of gloves
Will    +....                   (no boots)
Stlth   ++........              K - amulet of reflection
HPRegen 0.42/turn               t - ring of magical power
MPRegen 0.23/turn               x - +4 ring of evasion

@: healing quickly
A: alive, fangs 3, see invisible, vampiric 2
a: Exsanguinate, Renounce Religion, Unearth Wretches


You were on level 11 of the Dungeon.
You worshipped Kikubaaqudgha.
Kikubaaqudgha was aware of your devotion.
You visited 2 branches of the dungeon, and saw 12 of its levels.

You collected 1171 gold pieces.

Inventory:

Hand Weapons
 b - a +0 demon whip of venom (weapon)
 y - a +0 dagger of venom
 B - a +1 dagger of protection
 D - a +3 quarterstaff of chaos
Armour
 j - a +0 helmet (worn)
 o - the +0 cloak of Daisies {Rampage rC+++ Int-4 Slay+4}
   (You found it on level 2 of the Dungeon)

   Int:       It affects your intelligence (-4).
   Slay:      It affects your accuracy & damage with ranged weapons and melee
   (+4).
   rC:        It renders you almost immune to cold.
   Rampage:   It bestows one free step when moving towards enemies.
 r - a +1 cloak (worn)
 w - a +3 leather armour (worn)
 z - a +0 troll leather armour
 G - a +0 cloak
 I - a +0 pair of gloves (worn)
Magical Staves
 a - a staff of death
Jewellery
 t - a ring of magical power (left hand)
 u - a +6 ring of dexterity
 v - a ring of protection from fire
 x - a +4 ring of evasion (right hand)
 E - a ring of protection from cold
 H - a +6 ring of intelligence
 K - an amulet of reflection (around neck)
 L - a ring of poison resistance
 M - a ring of flight
Wands
 g - a wand of iceblast (1)
 N - a wand of flame (6)
Scrolls
 d - 2 scrolls of amnesia
 h - 4 scrolls of enchant armour
 q - 3 scrolls of teleportation
 s - 2 scrolls of blinking
Potions
 c - 6 potions of heal wounds
 f - 2 potions of haste {unknown}
 i - 5 potions of curing
 k - 3 potions of degeneration {unknown}
 l - 2 potions of cancellation {unknown}
 m - 2 potions of attraction {unknown}
 n - 6 potions of might
 p - 3 potions of mutation {unknown}
 A - a potion of flight {unknown}
 C - a potion of lignification {unknown}
 F - 2 potions of brilliance {unknown}
 J - 4 potions of magic


   Skills:
 + Level 1.7 Fighting
 * Level 2.4 Maces & Flails
 + Level 3.3 Dodging
 - Level 3.0 Stealth
 - Level 9.4 Spellcasting
 - Level 15.6 Necromancy


You had 20 spell levels left.
You knew the following spells:

 Your Spells              Type           Power      Damage    Failure   Level
a - Necrotize             Necr           100%       1d9       0%          1
b - Vampiric Draining     Necr           68%        2d10      1%          3
c - Animate Dead          Necr           68%        N/A       1%          4

Your spell library contained the following spells:

 Spells                   Type           Power      Damage    Failure   Level
 Sublimation of Blood     Necr           68%        N/A       1%          2
 Agony                    Necr           68%        N/A       1%          5
 Anguish                  Hex/Necr       22%        N/A       3%          4
 Shock                    Conj/Air       40%        1d5       10%         1
 Gell's Gravitas          Tloc           10%        N/A       28%         3
 Ozocubu's Armour         Ice            10%        N/A       28%         3
 Swiftness                Air            10%        N/A       28%         3
 Teleport Other           Tloc           10%        N/A       28%         3
 Airstrike                Air            5%         N/A       67%         4
 Blade Hands              Tmut           5%         N/A       95%         5
 Irradiate                Conj/Tmut      5%         3d15      95%         5
 Dispersal                Tloc           5%         N/A       100%        6
 Dragon Form              Tmut           5%         N/A       100%        7
 Ozocubu's Refrigeration  Ice            5%         4d6       100%        7


Dungeon Overview and Level Annotations

Branches:
Dungeon (11/15)            Temple (1/1) D:6
   Lair: D:8-11         Orc: D:9-12

Altars:
Ashenzari
Cheibriados
Dithmenos
Elyvilon
Fedhas
Gozag
Hepliaklqana
Kikubaaqudgha
Makhleb
Nemelex Xobeh
Okawaru
Qazlal
Ru
Sif Muna
Trog
Uskayaw
Vehumet
Wu Jian
Xom
Yredelemnul
Zin
The Shining One

Shops:
D:1 :   D:3 (   D:7 :

Annotations:
D:5 3 runed translucent doors, IdlyInterested's ghost, novice DsWn
D:6 3 runed translucent doors, xian's ghost, novice MiFi


Innate Abilities, Weirdness & Mutations

Your natural rate of healing is accelerated.
You have razor-sharp teeth.
You have supernaturally acute eyesight. (SInv)
You are afflicted with vampirism and can become a bat while bloodless.


Message History

* * * LOW HITPOINT WARNING * * *
The vampire mosquito draws strength from your injuries!
You block the vampire mosquito's attack.
You hit the vampire mosquito.
The vampire mosquito is almost destroyed.
The vampire mosquito bites you!
* * * LOW HITPOINT WARNING * * *
The vampire mosquito draws strength from your injuries!
The vampire mosquito bites you.
* * * LOW HITPOINT WARNING * * *
The vampire mosquito draws strength from your injuries!
You closely miss the vampire mosquito.
The vampire mosquito is severely damaged.
The vampire mosquito misses you.
You block the vampire mosquito's attack.
You hit the vampire mosquito but do no damage.
The vampire mosquito is severely damaged.
The vampire mosquito completely misses you. x2
You hit the vampire mosquito.
The vampire mosquito is almost destroyed.
You block the vampire mosquito's attack.
The vampire mosquito misses you.
You closely miss the vampire mosquito. Your bite misses the vampire mosquito.
The vampire mosquito is almost destroyed.
The vampire mosquito bites you.
* * * LOW HITPOINT WARNING * * *
The vampire mosquito draws strength from your injuries!
You block the vampire mosquito's attack.
You hit the vampire mosquito.
You bite the vampire mosquito, but do no damage.
The vampire mosquito is almost destroyed.
The vampire mosquito bites you!
* * * LOW HITPOINT WARNING * * *
The vampire mosquito draws strength from your injuries!
The vampire mosquito closely misses you.
You closely miss the vampire mosquito. Your bite misses the vampire mosquito.
The vampire mosquito is severely damaged.
The vampire mosquito bites you!
You die...
Kikubaaqudgha rasps: "You have failed me!
Welcome... death!"

#.# ###'#########
#...........######+######
#...........'.##.........
+...........#.##.........
#...........#†##.........
#...........#.##....<....
#...........#..#.........
#...........##.'@y.......
#......).)..####.........
#########)### #.........
#####.# ##........
#..)).# #..##.....
#<##### #.... ..... #.#
#..... ...^ #+# #......
..^ #........^.


You could see a vampire mosquito.

Vanquished Creatures
  A two-headed ogre (D:9)
  Amaemon (D:9)
  Lodul (D:11)
  Pikel (D:7)
  An orange demon (D:9)
  A troll (D:7)
  A hornet (D:9)
  Prince Ribbit (D:7)
  A spriggan (shapeshifter) (D:9)
  A wraith (D:9)
  3 wyverns
  6 yaks
  7 vampire mosquitoes
  A steam dragon (D:10)
  3 ice beasts
  A sky beast (D:6)
  7 orc warriors
  A black bear (D:5)
  3 centaurs
  10 ogres
  A phantom (D:4)
  2 kobold brigands (D:8)
  A necrophage (D:6)
  A gnoll sergeant (D:10)
  A bullfrog (D:7)
  A scorpion (D:5)
  3 wights (D:7)
  8 howler monkeys
  A gnoll shaman (D:7)
  3 hounds
  3 orc priests
  A jelly (D:5)
  Crazy Yiuf (D:4)
  An iguana (D:4)
  Natasha (thrice) (D:4)
  8 orc wizards
  Robin (D:3)
  12 gnolls
  10 adders
  A shadow imp (D:7)
  A white imp (D:8)
  2 worms (D:2)
  2 dart slugs
  30 orcs
  5 endoplasms
  13 goblins
  7 hobgoblins
  15 kobolds
  4 quokkas
  11 ball pythons
  7 bats
  2 frilled lizards
  2 rats (D:2)
216 creatures vanquished.

Vanquished Creatures (collateral kills)
  A yak (D:9)
  An adder (D:2)
  2 hobgoblins
4 creatures vanquished.

Vanquished Creatures (others)
  A fungus (D:4)
1 creature vanquished.

Grand Total: 221 creatures vanquished

Notes
Turn   | Place    | Note
-------+----------+-------------------------------------------
     0 | D:1      | lunkers the Vampire Necromancer began the quest for the
                  | Orb.
     0 | D:1      | Reached XP level 1. HP: 13/13 MP: 3/3
   535 | D:1      | Found Efihed's Book Shoppe.
   874 | D:2      | Identified the +0 cloak of Daisies {Rampage rC+++ Int-4
                  | Slay+4}
   909 | D:2      | Reached XP level 2. HP: 19/19 MP: 3/5
  1023 | D:2      | Reached skill level 5 in Necromancy
  1025 | D:2      | Gained mutation: You are afflicted with vampirism and can
                  | become a bat while bloodless. [Vampire growth]
  1025 | D:2      | Reached XP level 3. HP: 24/24 MP: 0/6
  1127 | D:2      | Found a faded altar of an unknown god.
  1446 | D:2      | Reached XP level 4. HP: 30/30 MP: 5/8
  1939 | D:2      | Reached skill level 6 in Necromancy
  2050 | D:2      | Learned a level 3 spell: Vampiric Draining
  2321 | D:2      | Reached XP level 5. HP: 29/35 MP: 5/9
  2575 | D:2      | Learned a level 4 spell: Animate Dead
  2590 | D:3      | Found Galitul's Weapon Shoppe.
  3351 | D:3      | Noticed Robin
  3382 | D:3      | Killed Robin
  3791 | D:4      | Noticed Natasha
  3796 | D:4      | Killed Natasha
  3819 | D:4      | Noticed an ogre
  3828 | D:4      | Killed an ogre
  3829 | D:4      | Reached skill level 7 in Necromancy
  3829 | D:4      | Reached XP level 6. HP: 28/41 MP: 11/11
  3831 | D:4      | Noticed Natasha
  3838 | D:4      | Killed Natasha
  4150 | D:4      | Noticed Natasha
  4158 | D:4      | Killed Natasha
  4258 | D:4      | Found a runed translucent door.
  4259 | D:4      | Noticed Crazy Yiuf
  4700 | D:4      | Killed Crazy Yiuf
  4701 | D:4      | Reached skill level 8 in Necromancy
  4701 | D:4      | Reached XP level 7. HP: 46/46 MP: 13/13
  4762 | D:5      | Entered Level 5 of the Dungeon
  5150 | D:5      | Found a runed translucent gate.
  5150 | D:5      | Found a runed translucent gate.
  5277 | D:5      | Found a runed translucent gate.
  5279 | D:5      | Noticed IdlyInterested's ghost (novice DsWn)
  5525 | D:5      | Reached skill level 5 in Spellcasting
  5525 | D:5      | Reached skill level 9 in Necromancy
  5904 | D:6      | Reached XP level 8. HP: 52/52 MP: 15/15
  5975 | D:6      | Noticed a cyclops
  5978 | D:6      | Found a runed translucent gate.
  5982 | D:6      | Found a runed translucent gate.
  5982 | D:6      | Found a runed translucent gate.
  5982 | D:6      | Noticed xian's ghost (novice MiFi)
  6267 | D:6      | Found a staircase to the Ecumenical Temple.
  6268 | D:6      | You fall into a shaft and drop 1 floor!
  6361 | Temple   | Entered the Ecumenical Temple
  6575 | D:6      | Found an iron altar of Okawaru.
  6786 | D:7      | Noticed Pikel
  6793 | D:7      | Killed Pikel
  6794 | D:7      | Reached skill level 10 in Necromancy
  6892 | D:7      | Reached skill level 11 in Necromancy
  7017 | D:7      | Noticed Prince Ribbit
  7033 | D:7      | Killed Prince Ribbit
  7034 | D:7      | Reached XP level 9. HP: 53/57 MP: 16/18
  7328 | D:7      | Reached skill level 12 in Necromancy
  7434 | D:7      | Found Ugipeq's Book Shop.
  7617 | D:7      | Noticed a troll
  7625 | D:7      | Killed a troll
  8443 | D:8      | Reached skill level 13 in Necromancy
  8921 | D:8      | Reached XP level 10. HP: 47/63 MP: 8/21
  9689 | D:9      | Noticed a two-headed ogre
  9698 | D:9      | Killed a two-headed ogre
  9699 | D:9      | Reached skill level 14 in Necromancy
 10332 | D:9      | Found a radiant altar of Vehumet.
 10336 | D:9      | Found an ancient bone altar of Kikubaaqudgha.
 10336 | D:9      | Found a broken altar of Ashenzari.
 10340 | D:9      | Found a shimmering blue altar of Sif Muna.
 10469 | D:9      | Noticed Amaemon
 10472 | D:9      | Noticed an orange demon
 10480 | D:9      | Killed Amaemon
 10485 | D:9      | Killed an orange demon
 10486 | D:9      | Reached skill level 15 in Necromancy
 11006 | D:9      | Became a worshipper of Kikubaaqudgha
 11007 | D:9      | Upgraded the game from 0.29-a0-474-gdfe5cd140f to
                  | 0.29-a0-477-g62b78b4225
 11044 | D:10     | Entered Level 10 of the Dungeon
 11508 | D:10     | HP: 2/63 [vampire mosquito (4)]
 12081 | D:10     | Reached XP level 11. HP: 42/68 MP: 24/24
 12086 | D:10     | Reached * piety under Kikubaaqudgha
 12086 | D:10     | Received a gift from Kikubaaqudgha
 12479 | D:11     | Noticed Lodul
 12543 | D:11     | Killed Lodul
 12544 | D:11     | Reached skill level 1 in Fighting
 12544 | D:11     | Reached skill level 1 in Maces & Flails
 12858 | D:11     | Slain by a vampire mosquito

Illustrated notes

Levels and vault maps discovered:
D:1:      onia_arrival_mini_maze_b, layout_loops_ring, serial_shops, shop
D:2:      kb_forest_paths, layout_basic, hellmonk_ecumenical_altar_blasted,
          eino_tiny_chamber
D:3:      minmay_chambers_of_twos, layout_loops_ring, serial_shops,
          nicolae_shop_bloodbath_and_beyond, uniq_robin
D:4:      layout_basic, uniq_natasha, uniq_crazy_yiuf_cottage
D:5:      layout_loops_ring, gammafunk_ghost_split, minmay_misc_feat_columns,
          minmay_starry_boxes
D:6:      layout_cave_pools, elyvilon_altar_1, mainiacjoe_overflow_brackets,
          minmay_temple_entry_mist, gammafunk_ghost_split
D:7:      layout_basic, serial_shops, nicolae_square_shop, uniq_pikel,
          uniq_prince_ribbit1
D:8:      layout_cave_pods, serial_park_tiny_1
D:9:      layout_layer_cave, minitemple, uniq_amaemon
D:10:     layout_loops_cross
D:11:     layout_roguey, erik_lair_orcish_takeover, portal_ice_cave_rime,
          minmay_holes, uniq_lodul, uniq_harold
Temple:   eino_temple_scatter_basement

Skill      XL: |  1  2  3  4  5  6  7  8  9 10 11 |
---------------+----------------------------------+-----
Necromancy     | 5 6 7 8 9 11 13 15 | 15.6
Spellcasting   | 3 4 5 6 7 9 |  9.4
Fighting       | 1 |  1.7
Maces & Flails | 2 |  2.4
Dodging        | 3 |  3.3
Stealth        | |  3.0

Action                   |  1- 3 |  4- 6 |  7- 9 | 10-12 || total
-------------------------+-------+-------+-------+-------++-------
Melee: Staff             |     9 |    12 |    77 |    78 ||   176
       Bite              |       |       |    10 |    44 ||    54
       Punch             |       |       |     2 |     7 ||     9
       Demon whip        |       |       |       |   223 ||   223
 Cast: Necrotize         |    46 |   158 |   111 |    50 ||   365
       Vampiric Draining |       |     9 |    60 |    49 ||   118
       Animate Dead      |       |       |       |     1 ||     1
Evoke: Wand              |       |     8 |    37 |    11 ||    56
  Use: Scroll            |       |     6 |     9 |     1 ||    16
       Potion            |       |       |       |     2 ||     2
 Stab: Sleeping          |     1 |       |       |       ||     1
Armor: Robe              |     1 |    15 |     5 |       ||    21
       Leather armour    |       |       |    40 |    99 ||   139
Dodge: Dodged            |    11 |    37 |   126 |   287 ||   461
Block: Other             |       |       |    17 |   105 ||   122
       Reflection        |       |       |     1 |     2 ||     3

Table legend: (Time is in decaauts)
 A = Elapsed time spent in this place.
 B = Non-inter-level travel time spent in this place.
 C = Inter-level travel time spent in this place.
 D = Time resting spent in this place.
 E = Time spent auto-exploring this place.
 F = Levels seen in this place.
 G = Mean time per level.
                   A        B        C        D        E       F      G
               +--------+--------+--------+--------+--------+-----+--------+
         Total |  12994 |  12367 |    627 |    694 |   9442 |  12 | 1082.8 |
       Dungeon |  12819 |  12203 |    616 |    694 |   9306 |  11 | 1165.4 |
        Temple |    174 |    164 |     10 |      0 |    136 |   1 |  174.0 |
               +--------+--------+--------+--------+--------+-----+--------+

Top non-repeatable levels by time:
     D:9: 1731 daAuts
     D:2: 1669 daAuts
     D:7: 1587 daAuts
    D:10: 1389 daAuts
     D:5: 1129 daAuts
     D:4: 1093 daAuts
     D:3: 1085 daAuts
     D:8: 1079 daAuts
     D:1: 923 daAuts
     D:6: 656 daAuts
    D:11: 473 daAuts
  Temple: 174 daAuts
